TOP OF THE 1ST |
West Michigan Whitecaps batting - Pitching for Delmarva Shorebirds : RHP Jose Rico
|
Pitching: RHP Jose Rico
|
|
Batting: LHB Jeff Trapp
|
0-0: Ball 1-0: Ground out 5-3 (Groundball, 5, EV 86.2 MPH)
|
Batting: RHB John Welch
|
0-0: SINGLE (Groundball, P, EV 83.1 MPH) (infield hit)
|
Batting: RHB Dan Becvar
|
0-0: Called Strike John Welch steals 2nd base 0-1: Ball 1-1: Ball John Welch steals 3rd base 2-1: Called Strike 2-2: Foul Ball, location: 2F 2-2: Strikes out swinging
|
Batting: RHB Jon Pierce
|
0-0: DOUBLE (Line Drive, 8LD, EV 106.9 MPH) John Welch scores
|
Batting: RHB Aaron Cusick
|
0-0: Hit by Pitch
|
Batting: RHB Jordan Hall
|
0-0: Ball 1-0: Foul Ball, location: 2F 1-1: Foul Ball, location: 2F 1-2: Foul Ball, location: 2F 1-2: Strikes out swinging
|
Top of the 1st over - 1 run, 2 hits, 0 errors, 2 left on base; West Michigan 1 - Delmarva 0 |
BOTTOM OF THE 1ST |
Delmarva Shorebirds batting - Pitching for West Michigan Whitecaps : RHP Ricky Tercero
|
Pitching: RHP Ricky Tercero
|
|
Batting: RHB Willie Manrique
|
0-0: Ball 1-0: Ball 2-0: Foul Ball, location: 2F 2-1: Foul Ball, location: 2F 2-2: Fly out, F9 (Flyball, 9D, EV 103.8 MPH)
|
Batting: LHB Jose Bethancourt
|
0-0: Ball 1-0: Called Strike 1-1: Foul Ball, location: 2F 1-2: Ball 2-2: Foul Ball, location: 2F 2-2: Ball 3-2: Base on Balls
|
Batting: RHB Longfellow Wetzler
|
0-0: Called Strike 0-1: Fly out, F8 (Flyball, 8LM, EV 90.6 MPH)
|
Batting: LHB Pat Shaddock
|
0-0: Called Strike 0-1: Swinging Strike 0-2: Ball 1-2: Foul Ball, location: 2F 1-2: Foul Ball, location: 2F 1-2: SINGLE (Flyball, 7LS, EV 82.5 MPH) Jose Bethancourt to second
|
Batting: RHB Kiyuu del Castillo
|
0-0: Called Strike 0-1: Ball 1-1: Swinging Strike 1-2: Foul Ball, location: 2F 1-2: Fielders Choice at 2nd, 5-4 (Groundball, 56, EV 84.4 MPH)
|
Bottom of the 1st over - 0 runs, 1 hit, 0 errors, 2 left on base; West Michigan 1 - Delmarva 0 |
TOP OF THE 2ND |
West Michigan Whitecaps batting - Pitching for Delmarva Shorebirds : RHP Jose Rico
|
Batting: RHB Sergio Valbuena
|
0-0: Called Strike 0-1: Called Strike 0-2: Strikes out swinging, 2-3 out at first.
|
Batting: RHB Eric Blaha
|
0-0: Called Strike 0-1: Called Strike 0-2: Ball 1-2: Ball 2-2: Foul Ball, location: 2F 2-2: Foul Ball, location: 2F 2-2: Foul Ball, location: 2F 2-2: Foul Ball, location: 2F 2-2: Ball 3-2: Base on Balls
|
Batting: RHB Jamie Bass
|
0-0: Ball 1-0: Ball 2-0: Ball 3-0: Base on Balls Eric Blaha to second
|
Batting: LHB Jeff Trapp
|
0-0: Called Strike 0-1: Ball 1-1: Foul Ball, location: 2F 1-2: Foul Ball, location: 2F 1-2: Ball 2-2: Ball 3-2: Strikes out swinging
|
Batting: RHB John Welch
|
0-0: Ball 1-0: Foul Ball, location: 2F 1-1: Foul Ball, location: 2F 1-2: Strikes out looking
|
Top of the 2nd over - 0 runs, 0 hits, 0 errors, 2 left on base; West Michigan 1 - Delmarva 0 |
BOTTOM OF THE 2ND |
Delmarva Shorebirds batting - Pitching for West Michigan Whitecaps : RHP Ricky Tercero
|
Batting: LHB Momoru Yasui
|
0-0: Called Strike 0-1: Fly out, F2 (Popup, 25F, EV 90.0 MPH)
|
Batting: RHB Mario Luna
|
0-0: Swinging Strike 0-1: Ball 1-1: Foul Ball, location: 2F 1-2: Ball 2-2: Strikes out swinging
|
Batting: LHB Rodolfo Montes
|
0-0: Ground out 4-3 (Groundball, 4, EV 98.8 MPH)
|
Bottom of the 2nd over - 0 runs, 0 hits, 0 errors, 0 left on base; West Michigan 1 - Delmarva 0 |
TOP OF THE 3RD |
West Michigan Whitecaps batting - Pitching for Delmarva Shorebirds : RHP Jose Rico
|
Batting: RHB Dan Becvar
|
0-0: Ball 1-0: Fly out, F7 (Flyball, 7D, EV 87.5 MPH)
|
Batting: RHB Jon Pierce
|
0-0: Foul Ball, location: 2F 0-1: Ball 1-1: Fly out, F9 (Flyball, 9S, EV 88.1 MPH)
|
Batting: RHB Aaron Cusick
|
0-0: Called Strike 0-1: SOLO HOME RUN (Flyball, 7LD, EV 93.8 MPH), Distance : 354 ft
|
Batting: RHB Jordan Hall
|
0-0: Ball 1-0: Ball 2-0: Ball 3-0: Called Strike 3-1: Base on Balls
|
Batting: RHB Sergio Valbuena
|
0-0: Ball 1-0: Swinging Strike 1-1: Foul Ball, location: 2F 1-2: Strikes out swinging
|
Top of the 3rd over - 1 run, 1 hit, 0 errors, 1 left on base; West Michigan 2 - Delmarva 0 |
BOTTOM OF THE 3RD |
Delmarva Shorebirds batting - Pitching for West Michigan Whitecaps : RHP Ricky Tercero
|
Batting: RHB Julio Ehm
|
0-0: Called Strike 0-1: Ball 1-1: Foul Ball, location: 2F 1-2: Ball 2-2: Ball 3-2: Foul Ball, location: 2F 3-2: Foul Ball, location: 2F 3-2: Base on Balls
|
Batting: RHB Willie Manrique
|
0-0: Ball 1-0: Foul Ball, location: 2F 1-1: Ball 2-1: Ball 3-1: Called Strike 3-2: Foul Ball, location: 2F 3-2: Fly out, F9 (Flyball, 9D, EV 90.6 MPH)
|
Batting: LHB Jose Bethancourt
|
0-0: Called Strike 0-1: Ball 1-1: Fly out, F8 (Line Drive, 8LM, EV 92.5 MPH)
|
Batting: RHB Longfellow Wetzler
|
0-0: Foul Ball, location: 2F 0-1: Ball 1-1: Ball 2-1: Foul Ball, location: 2F 2-2: Ball 3-2: Strikes out swinging
|
Bottom of the 3rd over - 0 runs, 0 hits, 0 errors, 1 left on base; West Michigan 2 - Delmarva 0 |
TOP OF THE 4TH |
West Michigan Whitecaps batting - Pitching for Delmarva Shorebirds : RHP Jose Rico
|
Batting: RHB Eric Blaha
|
0-0: Ground out 4-3 (Groundball, 4, EV 80.6 MPH)
|
Batting: RHB Jamie Bass
|
0-0: Ball 1-0: Swinging Strike 1-1: Ground out 4-3 (Groundball, 4M, EV 104.4 MPH)
|
Batting: LHB Jeff Trapp
|
0-0: Ball 1-0: Swinging Strike 1-1: Foul Ball, location: 2F 1-2: Foul Ball, location: 2F 1-2: DOUBLE (Flyball, 89XD, EV 105.0 MPH)
|
Batting: RHB John Welch
|
0-0: Ball 1-0: Swinging Strike 1-1: Foul Ball, location: 2F 1-2: Fly out, F3 (Popup, 34, EV 73.8 MPH)
|
Top of the 4th over - 0 runs, 1 hit, 0 errors, 1 left on base; West Michigan 2 - Delmarva 0 |
BOTTOM OF THE 4TH |
Delmarva Shorebirds batting - Pitching for West Michigan Whitecaps : RHP Ricky Tercero
|
Batting: LHB Pat Shaddock
|
0-0: Ground out 5-3 (Groundball, 56, EV 96.9 MPH)
|
Batting: RHB Kiyuu del Castillo
|
0-0: Called Strike 0-1: Swinging Strike 0-2: Strikes out looking
|
Batting: LHB Momoru Yasui
|
0-0: Ball 1-0: Ball 2-0: Swinging Strike 2-1: Foul Ball, location: 2F 2-2: Strikes out swinging
|
Bottom of the 4th over - 0 runs, 0 hits, 0 errors, 0 left on base; West Michigan 2 - Delmarva 0 |
TOP OF THE 5TH |
West Michigan Whitecaps batting - Pitching for Delmarva Shorebirds : RHP Jose Rico
|
Batting: RHB Dan Becvar
|
0-0: Ball 1-0: Ground out 6-3 (Groundball, 56, EV 109.4 MPH)
|
Batting: RHB Jon Pierce
|
0-0: Called Strike 0-1: Ball 1-1: Called Strike 1-2: Foul Ball, location: 2F 1-2: Ball 2-2: Strikes out looking
|
Batting: RHB Aaron Cusick
|
0-0: Called Strike 0-1: Foul Ball, location: 2F 0-2: Foul Ball, location: 2F 0-2: Ground out 6-3 (Groundball, 6, EV 91.2 MPH)
|
Top of the 5th over - 0 runs, 0 hits, 0 errors, 0 left on base; West Michigan 2 - Delmarva 0 |
BOTTOM OF THE 5TH |
Delmarva Shorebirds batting - Pitching for West Michigan Whitecaps : RHP Ricky Tercero
|
Batting: RHB Mario Luna
|
0-0: Called Strike 0-1: Ball 1-1: Called Strike 1-2: Ball 2-2: Foul Ball, location: 2F 2-2: Strikes out swinging
|
Batting: LHB Rodolfo Montes
|
0-0: Swinging Strike 0-1: Ball 1-1: Reached via error on a dropped throw from 3B, E3 (Groundball, 5, EV 76.9 MPH)
|
Batting: RHB Julio Ehm
|
0-0: Ball Rodolfo Montes is caught stealing 2nd base 2-4 1-0: Ball 2-0: Called Strike 2-1: Swinging Strike 2-2: Foul Ball, location: 2F 2-2: Ball 3-2: Strikes out swinging
|
Bottom of the 5th over - 0 runs, 0 hits, 1 error, 0 left on base; West Michigan 2 - Delmarva 0 |
TOP OF THE 6TH |
West Michigan Whitecaps batting - Pitching for Delmarva Shorebirds : RHP Jose Rico
|
Pitching: LHP Eric Bice
|
|
Batting: RHB Jordan Hall
|
0-0: Called Strike 0-1: Ball 1-1: Called Strike 1-2: Ball 2-2: Strikes out swinging
|
Batting: RHB Sergio Valbuena
|
0-0: Ball 1-0: Ball 2-0: Ball 3-0: Called Strike 3-1: Swinging Strike 3-2: Fly out, F8 (Flyball, 8LD, EV 87.5 MPH)
|
Batting: RHB Eric Blaha
|
0-0: Foul Ball, location: 2F 0-1: Foul Ball, location: 2F 0-2: Strikes out swinging
|
Top of the 6th over - 0 runs, 0 hits, 0 errors, 0 left on base; West Michigan 2 - Delmarva 0 |
BOTTOM OF THE 6TH |
Delmarva Shorebirds batting - Pitching for West Michigan Whitecaps : RHP Ricky Tercero
|
Pitching: RHP Brian Southworth
|
|
Batting: RHB Willie Manrique
|
0-0: Foul Ball, location: 2F 0-1: SINGLE (Groundball, 56S, EV 68.8 MPH) (infield hit)
|
Batting: LHB Jose Bethancourt
|
0-0: Ball 1-0: Fielders Choice at 2nd, 5-4 (Groundball, 56, EV 97.5 MPH)
|
Batting: RHB Longfellow Wetzler
|
0-0: Ball Jose Bethancourt is caught stealing 2nd base 2-4 1-0: Foul Ball, location: 2F 1-1: Foul Ball, location: 2F 1-2: Ball 2-2: Fly out, F9 (Line Drive, 9, EV 89.4 MPH)
|
Bottom of the 6th over - 0 runs, 1 hit, 0 errors, 0 left on base; West Michigan 2 - Delmarva 0 |
TOP OF THE 7TH |
West Michigan Whitecaps batting - Pitching for Delmarva Shorebirds : LHP Eric Bice
|
Pitching: LHP John Dyer
|
|
Batting: RHB Jamie Bass
|
0-0: Foul Ball, location: 2F 0-1: Called Strike 0-2: Ball 1-2: Foul Ball, location: 2F 1-2: Strikes out swinging
|
Batting: LHB Jeff Trapp
|
0-0: Swinging Strike 0-1: Called Strike 0-2: Strikes out swinging
|
Batting: RHB John Welch
|
0-0: SINGLE (Groundball, 4MD, EV 87.5 MPH) (infield hit)
|
Batting: RHB Dan Becvar
|
0-0: Ground out U3 (Groundball, 3L, EV 79.4 MPH)
|
Top of the 7th over - 0 runs, 1 hit, 0 errors, 1 left on base; West Michigan 2 - Delmarva 0 |
BOTTOM OF THE 7TH |
Delmarva Shorebirds batting - Pitching for West Michigan Whitecaps : RHP Brian Southworth
|
Batting: LHB Pat Shaddock
|
0-0: Called Strike 0-1: Foul Ball, location: 2F 0-2: Ball 1-2: Ball 2-2: Ball 3-2: Base on Balls
|
Batting: RHB Kiyuu del Castillo
|
0-0: Ball 1-0: Ball 2-0: Ball 3-0: Base on Balls Pat Shaddock to second
|
Pitching: RHP Dave Frazier
|
|
Batting: LHB Momoru Yasui
|
0-0: Ball 1-0: Ball 2-0: Bunt missed! 2-1: Ball 3-1: Sac Bunt to 2L - play at first, batter OUT! 2-4 Pat Shaddock to third Kiyuu del Castillo to second
|
Batting: RHB Mario Luna
|
0-0: Ball 1-0: Ball 2-0: Foul Ball, location: 2F 2-1: Ball 3-1: Base on Balls
|
Batting: LHB Rodolfo Montes
|
0-0: Grounds into fielders choice 5-2 (Groundball, 5, EV 78.8 MPH) Kiyuu del Castillo to third Mario Luna to second
|
Batting: RHB Julio Ehm
|
0-0: Ball 1-0: Called Strike 1-1: Ball 2-1: Foul Ball, location: 2F 2-2: Ball 3-2: Fly out, F8 (Flyball, 8RM, EV 80.0 MPH)
|
Bottom of the 7th over - 0 runs, 0 hits, 0 errors, 3 left on base; West Michigan 2 - Delmarva 0 |
TOP OF THE 8TH |
West Michigan Whitecaps batting - Pitching for Delmarva Shorebirds : LHP John Dyer
|
Pitching: RHP Elliot Monroe
|
|
Batting: RHB Jon Pierce
|
0-0: Foul Ball, location: 2F 0-1: Ball 1-1: Foul Ball, location: 2F 1-2: Ball 2-2: Foul Ball, location: 2F 2-2: Strikes out swinging
|
Batting: RHB Aaron Cusick
|
0-0: Ball 1-0: Swinging Strike 1-1: Ground out 5-3 (Groundball, 56S, EV 83.1 MPH)
|
Batting: RHB Jordan Hall
|
0-0: Ball 1-0: Ground out 6-3 (Groundball, 6, EV 87.5 MPH)
|
Top of the 8th over - 0 runs, 0 hits, 0 errors, 0 left on base; West Michigan 2 - Delmarva 0 |
BOTTOM OF THE 8TH |
Delmarva Shorebirds batting - Pitching for West Michigan Whitecaps : RHP Dave Frazier
|
Pitching: RHP Vic Flores
|
|
Batting: RHB Willie Manrique
|
0-0: Ball 1-0: Called Strike 1-1: Ball 2-1: Foul Ball, location: 2F 2-2: Ball 3-2: Strikes out looking
|
Batting: LHB Jose Bethancourt
|
0-0: Ball 1-0: SINGLE (Groundball, 4MD, EV 99.4 MPH)
|
Batting: RHB Longfellow Wetzler
|
0-0: Called Strike 0-1: 2-RUN HOME RUN (Flyball, 78XD, EV 100.6 MPH), Distance : 416 ft
|
Batting: LHB Pat Shaddock
|
0-0: Foul Ball, location: 2F 0-1: Ball 1-1: Swinging Strike 1-2: Ball 2-2: Strikes out swinging
|
Batting: RHB Kiyuu del Castillo
|
0-0: Ball 1-0: Swinging Strike 1-1: Foul Ball, location: 2F 1-2: Ball 2-2: Ground out 6-3 (Groundball, 6, EV 86.2 MPH)
|
Bottom of the 8th over - 2 runs, 2 hits, 0 errors, 0 left on base; West Michigan 2 - Delmarva 2 |
TOP OF THE 9TH |
West Michigan Whitecaps batting - Pitching for Delmarva Shorebirds : RHP Elliot Monroe
|
Batting: RHB Sergio Valbuena
|
0-0: Foul Ball, location: 2F 0-1: Called Strike 0-2: Foul Ball, location: 2F 0-2: Ball 1-2: Strikes out swinging
|
Batting: RHB Eric Blaha
|
0-0: Ball 1-0: Swinging Strike 1-1: Called Strike 1-2: Ground out 1-3 (Groundball, 15S, EV 70.6 MPH)
|
Batting: RHB Jamie Bass
|
0-0: Called Strike 0-1: Called Strike 0-2: Strikes out looking
|
Top of the 9th over - 0 runs, 0 hits, 0 errors, 0 left on base; West Michigan 2 - Delmarva 2 |
BOTTOM OF THE 9TH |
Delmarva Shorebirds batting - Pitching for West Michigan Whitecaps : RHP Vic Flores
|
Pitching: RHP Nate Mull
|
|
Batting: LHB Momoru Yasui
|
0-0: Foul Ball, location: 2F 0-1: Ball 1-1: Ball 2-1: Ball 3-1: Foul Ball, location: 2F 3-2: Strikes out looking
|
Batting: RHB Mario Luna
|
0-0: Called Strike 0-1: Foul Ball, location: 2F 0-2: Ball 1-2: Ball 2-2: Ground out 6-3 (Groundball, 6, EV 109.4 MPH)
|
Batting: LHB Rodolfo Montes
|
0-0: Ball 1-0: Ground out 5-3 (Groundball, 56, EV 83.8 MPH)
|
Bottom of the 9th over - 0 runs, 0 hits, 0 errors, 0 left on base; West Michigan 2 - Delmarva 2 |
TOP OF THE 10TH |
West Michigan Whitecaps batting - Pitching for Delmarva Shorebirds : RHP Elliot Monroe
|
Pitching: LHP Mark Gehring
|
|
Pinch Hitting: RHB Bill Cabrera
|
0-0: Called Strike 0-1: Foul Ball, location: 2F 0-2: Foul Ball, location: 2F 0-2: Foul Ball, location: 2F 0-2: Foul Ball, location: 2F 0-2: Ball 1-2: Ball 2-2: Strikes out swinging
|
Batting: RHB John Welch
|
0-0: Ball 1-0: Called Strike 1-1: Swinging Strike 1-2: Strikes out swinging
|
Batting: RHB Dan Becvar
|
0-0: Ball 1-0: Called Strike 1-1: Ball 2-1: Foul Ball, location: 2F 2-2: Foul Ball, location: 2F 2-2: Ball 3-2: Foul Ball, location: 2F 3-2: Base on Balls
|
Batting: RHB Jon Pierce
|
0-0: Called Strike 0-1: Ball 1-1: Fielders Choice at 2nd, 6-4 (Groundball, 6, EV 84.4 MPH)
|
Top of the 10th over - 0 runs, 0 hits, 0 errors, 1 left on base; West Michigan 2 - Delmarva 2 |
BOTTOM OF THE 10TH |
Delmarva Shorebirds batting - Pitching for West Michigan Whitecaps : RHP Nate Mull
|
Now in CF: Aaron Cusick
|
|
Now in RF: Bill Cabrera
|
|
Pinch Hitting: RHB Alex Jacobo
|
0-0: Ball 1-0: TRIPLE (Flyball, 78XD, EV 92.5 MPH)
|
Batting: RHB Willie Manrique
|
0-0: Called Strike 0-1: Swinging Strike 0-2: SINGLE (Groundball, 56D, EV 103.1 MPH) Alex Jacobo scores
|
Bottom of the 10th over - 1 run, 2 hits, 0 errors, 0 left on base; West Michigan 2 - Delmarva 3 |
|
Game Over ... Delmarva defeats West Michigan, 3 to 2
|
|
|